 Dungeon Crawl Stone Soup version 0.19.1 (webtiles) character file.

59 SQman the Cudgeler (level 4, 0/29 HPs)
             Began as a Halfling Wanderer on Dec 18, 2016.
             Succumbed to an adder's poison
             ... on level 3 of the Dungeon.
             The game lasted 00:10:53 (1952 turns).

SQman the Cudgeler (Halfling Wanderer)              Turns: 1952, Time: 00:10:54

Health: 0/29       AC:  7    Str: 18    XL:     4   Next: 22%
Magic:  4/4        EV: 11    Int:  8    God:
Gold:   149        SH:  0    Dex: 11    Spells: 0 memorised, 3 levels left

rFire  . . .     SeeInvis .     c - +0 mace
rCold  . . .     Gourm    .     m - +0 scale mail
rNeg   . . .     Faith    .     (shield restricted)
rPois  .         Spirit   .     (no helmet)
rElec  .         Reflect  .     (no cloak)
rCorr  .         Harm     .     q - +0 pair of gloves
MR     .....                    (no boots)
Stlth  ..........               (no amulet)
                                (no ring)
                                (no ring)

@: lethally poisoned (0 -> -11)
A: mutation resistance 1
a: no special abilities


You were on level 3 of the Dungeon.
You were not hungry.

You visited 1 branch of the dungeon, and saw 3 of its levels.

You collected 149 gold pieces.

Inventory:

Hand Weapons
 b - a +2 blowgun
 c - a +0 mace (weapon)
 j - a +0 hand axe
 r - a +0 hunting sling
Missiles
 a - 30 poisoned needles
 e - 11 bolts
 h - 21 arrows
 i - 3 large rocks
 l - 102 stones (quivered)
Armour
 d - a +1 ring mail
 m - a +0 scale mail (worn)
 q - a +0 pair of gloves (worn)
Potions
 o - 2 potions of brilliance
 p - 2 potions of cancellation
Comestibles
 f - a bread ration
 g - 3 chunks of flesh
 k - a beef jerky
 n - 2 meat rations


   Skills:
 + Level 2.0 Fighting
 + Level 0.4(2.9) Axes
 + Level 4.2 Maces & Flails
 + Level 0.4(1.5) Slings
 + Level 1.6 Throwing
 + Level 2.7 Armour
 + Level 0.4 Dodging
 + Level 0.5 Stealth
   Level 1.0 Evocations


You had 3 spell levels left.
You didn't know any spells.

Dungeon Overview and Level Annotations

Branches:
Dungeon (3/15)

Altars:


Innate Abilities, Weirdness & Mutations

You are small and have problems with some larger weapons.
You are somewhat resistant to further mutation.


Message History

You hit the adder.
The adder is almost dead.
The adder bites you.
* * * LOW HITPOINT WARNING * * *
You are lethally poisoned!
The adder poisons you! The adder bites you but does no damage.
You closely miss the adder.
The adder is almost dead.
* * * LOW HITPOINT WARNING * * *
You feel sick. The adder bites you.
* * * LOW HITPOINT WARNING * * *
You are more poisoned.
The adder poisons you!
You closely miss the adder.
The adder is almost dead.
* * * LOW HITPOINT WARNING * * *
You feel sick. The adder misses you. The adder barely misses you.
You hit the adder but do no damage.
The adder is almost dead.
You die...

........# ......#.# #.##
....# ....>.#.#### ...
....## ............ ..#
.....# .......#..# #.#
.....# .........# #.#
.....# #.....### #.##
l...#
........######..####†.>#
................@Slr.#
................####..#
###....................#
# #.....##.........#####
........########.....
###....## ##..#. ####...
..# ###.. .. ###


You could see an adder, a leopard gecko and a quokka.

Vanquished Creatures
  2 adders
  A worm (D:3)
  3 dart slugs
  A leopard gecko (D:2)
  A giant cockroach (D:2)
  3 goblins
  2 hobgoblins (D:1)
  6 kobolds
  A quokka (D:2)
  A ball python (D:2)
  6 bats
  4 frilled lizards
  5 rats
36 creatures vanquished.

Notes
Turn   | Place    | Note
-------+----------+-------------------------------------------
     0 | D:1      | SQman the Halfling Wanderer began the quest for the Orb.
     0 | D:1      | SQman set off with: a curare-tipped needle, a +2 blowgun, a +0 mace, a +0 ring mail, a bread ration
     0 | D:1      | Reached XP level 1. HP: 14/14 MP: 1/1
   222 | D:1      | Reached XP level 2. HP: 12/19 MP: 2/2
   289 | D:1      | Reached skill level 4 in Maces & Flails
  1099 | D:2      | Reached XP level 3. HP: 23/24 MP: 3/3
  1893 | D:3      | Reached XP level 4. HP: 21/29 MP: 4/4
  1951 | D:3      | HP: 1/29 [poisoned by an adder]
  1952 | D:3      | Succumbed to an adder's poison

Skill      XL: |  1  2  3  4 |
---------------+-------------+-----
Maces & Flails | 4 |  4.2
Fighting       | 2 |  2.0
Axes           | |  0.4
Slings         | |  0.4
Throwing       | |  1.6
Armour         | |  2.7
Dodging        | |  0.4
Stealth        | |  0.5
Evocations     | |  1.0

Action                   |  1- 3 |  4- 6 || total
-------------------------+-------+-------++-------
Melee: Mace              |    62 |    21 ||    83
       Hand axe          |     8 |       ||     8
       Blowgun           |     1 |       ||     1
 Fire: Blowgun           |    29 |       ||    29
       Hunting sling     |    11 |       ||    11
Throw: Stone             |     6 |       ||     6
  Use: Potion            |     3 |       ||     3
       Scroll            |     6 |       ||     6
  Eat: Chunk             |     2 |       ||     2
       Bread ration      |     1 |       ||     1
Armor: Ring mail         |    21 |       ||    21
       Scale mail        |    30 |    18 ||    48
Dodge: Dodged            |    53 |    25 ||    78
